TOP OF THE 1ST |
St. Louis Cardinals batting - Pitching for Cincinnati Reds : RHP Timmy John Aaron-Lee Frank Silveira
|
Pitching: RHP Timmy John Aaron-Lee Frank Silveira
|
|
Batting: LHB Ichiro Toyota
|
0-0: Ball 1-0: Foul Ball, location: 2F 1-1: Ball 2-1: Swinging Strike 2-2: Foul Ball, location: 2F 2-2: Ball 3-2: Base on Balls
|
Batting: LHB Pat Sutton
|
0-0: Ball 1-0: Called Strike 1-1: Called Strike 1-2: Ball 2-2: Foul Ball, location: 2F 2-2: Strikes out looking and he ARGUES THE CALL AND IS TOSSED!
|
Batting: SHB Harry Hoop
|
0-0: Ball 1-0: Foul Ball, location: 2F 1-1: Called Strike 1-2: SINGLE (Groundball, 4MS, EV 67.5 MPH) (infield hit) Ichiro Toyota to second
|
Batting: SHB Antoine Roux
|
0-0: Grounds into double play, 6-4-3 (Groundball, 6M, EV 84.4 MPH)
|
Top of the 1st over - 0 runs, 1 hit, 0 errors, 1 left on base; St. Louis 0 - Cincinnati 0 |
BOTTOM OF THE 1ST |
Cincinnati Reds batting - Pitching for St. Louis Cardinals : RHP Keith Anter
|
Pitching: RHP Keith Anter
|
|
Now in LF: Melvin Enriquez
|
|
Batting: RHB Joseph Kirchmann
|
0-0: Foul Ball, location: 2F 0-1: Swinging Strike 0-2: Ball 1-2: Strikes out swinging
|
Batting: SHB Dave Barefoot
|
0-0: Ball 1-0: Ground out 5-3 (Groundball, 56, EV 80.6 MPH)
|
Batting: SHB Jun Tsuda
|
0-0: Ball 1-0: Ball 2-0: Foul Ball, location: 2F 2-1: Ground out 4-3 (Groundball, 4, EV 85.6 MPH)
|
Bottom of the 1st over - 0 runs, 0 hits, 0 errors, 0 left on base; St. Louis 0 - Cincinnati 0 |
TOP OF THE 2ND |
St. Louis Cardinals batting - Pitching for Cincinnati Reds : RHP Timmy John Aaron-Lee Frank Silveira
|
Batting: RHB Mike Bates
|
0-0: Ball 1-0: Foul Ball, location: 2F 1-1: Ball 2-1: Swinging Strike 2-2: Strikes out looking
|
Batting: LHB Armando Carbajal
|
0-0: Ball 1-0: Swinging Strike 1-1: Fly out, F8 (Flyball, 8LXD, EV 90.0 MPH)
|
Batting: LHB Billy Guzman
|
0-0: Ball 1-0: Ball 2-0: Foul Ball, location: 2F 2-1: Ground out 5-3 (Groundball, 5L, EV 105.0 MPH)
|
Top of the 2nd over - 0 runs, 0 hits, 0 errors, 0 left on base; St. Louis 0 - Cincinnati 0 |
BOTTOM OF THE 2ND |
Cincinnati Reds batting - Pitching for St. Louis Cardinals : RHP Keith Anter
|
Batting: LHB Chris Grunwald
|
0-0: Foul Ball, location: 2F 0-1: SINGLE (Line Drive, 89S, EV 100.6 MPH)
|
Batting: RHB Fred Slade
|
0-0: Called Strike 0-1: Ball 1-1: Ball 2-1: Called Strike 2-2: Ball 3-2: Strikes out swinging
|
Batting: RHB Steve Castleberry
|
0-0: Ball 1-0: Grounds into double play, 5-4-3 (Groundball, 56S, EV 81.2 MPH)
|
Bottom of the 2nd over - 0 runs, 1 hit, 0 errors, 0 left on base; St. Louis 0 - Cincinnati 0 |
TOP OF THE 3RD |
St. Louis Cardinals batting - Pitching for Cincinnati Reds : RHP Timmy John Aaron-Lee Frank Silveira
|
Batting: SHB Chris Blue
|
0-0: Called Strike 0-1: Called Strike 0-2: Ball 1-2: Ball 2-2: Foul Ball, location: 2F 2-2: Foul Ball, location: 2F 2-2: Foul Ball, location: 2F 2-2: Ball 3-2: Fly out, F6 (Flyball, 4MD, EV 86.9 MPH)
|
Batting: RHB Danny Gallo
|
0-0: Ball 1-0: Foul Ball, location: 2F 1-1: Foul Ball, location: 2F 1-2: Strikes out swinging
|
Batting: LHB Ichiro Toyota
|
0-0: Called Strike 0-1: Ball 1-1: Ball 2-1: SINGLE (Groundball, 4, EV 93.8 MPH)
|
Batting: RHB Melvin Enriquez
|
0-0: Ball 1-0: Swinging Strike 1-1: Ball 2-1: Swinging Strike 2-2: Foul Ball, location: 2F 2-2: Ball 3-2: Strikes out swinging
|
Top of the 3rd over - 0 runs, 1 hit, 0 errors, 1 left on base; St. Louis 0 - Cincinnati 0 |
BOTTOM OF THE 3RD |
Cincinnati Reds batting - Pitching for St. Louis Cardinals : RHP Keith Anter
|
Batting: RHB Willie Lazcano
|
0-0: Called Strike 0-1: Ball 1-1: Ball 2-1: Ball 3-1: Base on Balls
|
Batting: SHB Saulo Maina
|
0-0: Ball 1-0: Called Strike 1-1: Called Strike 1-2: Foul Ball, location: 2F 1-2: Grounds into double play, 4-6-3 (Groundball, 34, EV 100.0 MPH)
|
Batting: RHB Takanibu Kaneshiro
|
0-0: Swinging Strike 0-1: Fly out, F9 (Flyball, 89M, EV 83.8 MPH)
|
Bottom of the 3rd over - 0 runs, 0 hits, 0 errors, 0 left on base; St. Louis 0 - Cincinnati 0 |
TOP OF THE 4TH |
St. Louis Cardinals batting - Pitching for Cincinnati Reds : RHP Timmy John Aaron-Lee Frank Silveira
|
Batting: SHB Harry Hoop
|
0-0: Swinging Strike 0-1: Ball 1-1: Swinging Strike 1-2: Foul Ball, location: 2F 1-2: Foul Ball, location: 2F 1-2: Foul Ball, location: 2F 1-2: Foul Ball, location: 2F 1-2: Strikes out looking
|
Batting: SHB Antoine Roux
|
0-0: Called Strike 0-1: Called Strike 0-2: Ground out 4-3 (Groundball, 34, EV 108.8 MPH)
|
Batting: RHB Mike Bates
|
0-0: Ball 1-0: SINGLE (Groundball, 6M, EV 107.5 MPH) (infield hit)
|
Batting: LHB Armando Carbajal
|
0-0: Ball 1-0: Foul Ball, location: 2F 1-1: Ball Wild Pitch! Mike Bates to second 2-1: Ball 3-1: Base on Balls
|
Batting: LHB Billy Guzman
|
0-0: Ball 1-0: Called Strike 1-1: Ball 2-1: Ground out 4-3 (Groundball, 4, EV 105.6 MPH)
|
Top of the 4th over - 0 runs, 1 hit, 0 errors, 2 left on base; St. Louis 0 - Cincinnati 0 |
BOTTOM OF THE 4TH |
Cincinnati Reds batting - Pitching for St. Louis Cardinals : RHP Keith Anter
|
Batting: RHB Joseph Kirchmann
|
0-0: Ball 1-0: Swinging Strike 1-1: Ball 2-1: DOUBLE (Line Drive, 8RXD, EV 102.5 MPH)
|
Batting: SHB Dave Barefoot
|
0-0: Swinging Strike 0-1: Foul Ball, location: 2F 0-2: Strikes out swinging
|
Batting: SHB Jun Tsuda
|
0-0: SINGLE (Groundball, 4MD, EV 99.4 MPH) Joseph Kirchmann to third Runner from 3rd tries for Home, SAFE, throw by CF to home
|
Batting: LHB Chris Grunwald
|
0-0: Swinging Strike 0-1: Ball 1-1: Called Strike 1-2: Strikes out looking
|
Batting: RHB Fred Slade
|
0-0: Ball 1-0: Foul Ball, location: 2F 1-1: Ball 2-1: Ball 3-1: Base on Balls Jun Tsuda to second
|
Batting: RHB Steve Castleberry
|
0-0: Called Strike 0-1: Ball 1-1: Foul Ball, location: 2F 1-2: Ball 2-2: SINGLE (Line Drive, 9S, EV 95.0 MPH) Jun Tsuda to third Fred Slade to second Runner from 3rd tries for Home, throw by RF and OUT! 9-2
|
Bottom of the 4th over - 1 run, 3 hits, 0 errors, 2 left on base; St. Louis 0 - Cincinnati 1 |
TOP OF THE 5TH |
St. Louis Cardinals batting - Pitching for Cincinnati Reds : RHP Timmy John Aaron-Lee Frank Silveira
|
Batting: SHB Chris Blue
|
0-0: Called Strike 0-1: Swinging Strike 0-2: Foul Ball, location: 2F 0-2: Ball 1-2: Ground out 4-3 (Groundball, 34, EV 97.5 MPH)
|
Batting: RHB Danny Gallo
|
0-0: Ball 1-0: Swinging Strike 1-1: Ball 2-1: Ball 3-1: Base on Balls
|
Batting: LHB Ichiro Toyota
|
0-0: Called Strike 0-1: Called Strike 0-2: Grounds into double play, 4-6-3 (Groundball, 4, EV 88.8 MPH)
|
Top of the 5th over - 0 runs, 0 hits, 0 errors, 0 left on base; St. Louis 0 - Cincinnati 1 |
BOTTOM OF THE 5TH |
Cincinnati Reds batting - Pitching for St. Louis Cardinals : RHP Keith Anter
|
Batting: RHB Willie Lazcano
|
0-0: TRIPLE (Line Drive, 8RXD, EV 103.1 MPH)
|
Batting: SHB Saulo Maina
|
0-0: Intentional Walk
|
Batting: RHB Takanibu Kaneshiro
|
0-0: Foul Ball, location: 2F 0-1: Swinging Strike 0-2: Ball 1-2: Ball 2-2: Fielders Choice at 2nd, 6-4 (Groundball, 6M, EV 83.1 MPH) Willie Lazcano scores
|
Batting: RHB Joseph Kirchmann
|
0-0: Ball 1-0: Ball 2-0: Ball 3-0: Called Strike 3-1: Foul Ball, location: 2F 3-2: Ground out 6-3 (Groundball, 6S, EV 85.0 MPH) Takanibu Kaneshiro to second
|
Batting: SHB Dave Barefoot
|
0-0: Called Strike 0-1: Called Strike 0-2: Ground out 6-3 (Groundball, 6M, EV 89.4 MPH)
|
Bottom of the 5th over - 1 run, 1 hit, 0 errors, 1 left on base; St. Louis 0 - Cincinnati 2 |
TOP OF THE 6TH |
St. Louis Cardinals batting - Pitching for Cincinnati Reds : RHP Timmy John Aaron-Lee Frank Silveira
|
Batting: RHB Melvin Enriquez
|
0-0: Ball 1-0: Foul Ball, location: 2F 1-1: Ball 2-1: Ball 3-1: Ground out 5-3 (Groundball, 5L, EV 86.2 MPH)
|
Batting: SHB Harry Hoop
|
0-0: Ball 1-0: Ground out 4-3 (Groundball, 4S, EV 81.2 MPH)
|
Batting: SHB Antoine Roux
|
0-0: Called Strike 0-1: Ball 1-1: Called Strike 1-2: Foul Ball, location: 2F 1-2: Foul Ball, location: 2F 1-2: Foul Ball, location: 2F 1-2: Foul Ball, location: 2F 1-2: Ball 2-2: SOLO HOME RUN (Flyball, 78XD, EV 101.9 MPH), Distance : 416 ft
|
Batting: RHB Mike Bates
|
0-0: Ball 1-0: Ground out 6-3 (Groundball, 6, EV 110.0 MPH)
|
Top of the 6th over - 1 run, 1 hit, 0 errors, 0 left on base; St. Louis 1 - Cincinnati 2 |
BOTTOM OF THE 6TH |
Cincinnati Reds batting - Pitching for St. Louis Cardinals : RHP Keith Anter
|
Batting: SHB Jun Tsuda
|
0-0: Ball 1-0: Foul Ball, location: 2F 1-1: Called Strike 1-2: Ball 2-2: Ball 3-2: Fly out, F9 (Flyball, 9S, EV 88.8 MPH)
|
Batting: LHB Chris Grunwald
|
0-0: Foul Ball, location: 2F 0-1: Called Strike 0-2: SINGLE (Groundball, 56D, EV 100.6 MPH)
|
Batting: RHB Fred Slade
|
0-0: Ball 1-0: Foul Ball, location: 2F 1-1: Ball 2-1: Fly out, F8 (Flyball, 8RXD, EV 101.9 MPH)
|
Batting: RHB Steve Castleberry
|
0-0: Swinging Strike 0-1: Ball 1-1: Swinging Strike 1-2: Ball 2-2: Foul Ball, location: 2F 2-2: Foul Ball, location: 2F 2-2: Ball 3-2: Base on Balls Chris Grunwald to second
|
Batting: RHB Willie Lazcano
|
0-0: Called Strike 0-1: Swinging Strike 0-2: Strikes out swinging
|
Bottom of the 6th over - 0 runs, 1 hit, 0 errors, 2 left on base; St. Louis 1 - Cincinnati 2 |
TOP OF THE 7TH |
St. Louis Cardinals batting - Pitching for Cincinnati Reds : RHP Timmy John Aaron-Lee Frank Silveira
|
Pitching: LHP Dave Rivera
|
|
Batting: LHB Armando Carbajal
|
0-0: Called Strike 0-1: Ball 1-1: Foul Ball, location: 2F 1-2: Strikes out swinging
|
Batting: LHB Billy Guzman
|
0-0: Called Strike 0-1: Swinging Strike 0-2: Ball 1-2: Ball 2-2: Foul Ball, location: 2F 2-2: Ball 3-2: Ground out 4-3 (Groundball, 4, EV 83.1 MPH)
|
Batting: SHB Chris Blue
|
0-0: Ball 1-0: Called Strike 1-1: Called Strike 1-2: Fly out, F3 (Popup, 23F, EV 91.9 MPH)
|
Top of the 7th over - 0 runs, 0 hits, 0 errors, 0 left on base; St. Louis 1 - Cincinnati 2 |
BOTTOM OF THE 7TH |
Cincinnati Reds batting - Pitching for St. Louis Cardinals : RHP Keith Anter
|
Batting: SHB Saulo Maina
|
0-0: Ball 1-0: Ground out 5-3 (Groundball, 6, EV 89.4 MPH)
|
Pitching: RHP Doug Seliger
|
|
Batting: RHB Takanibu Kaneshiro
|
0-0: Swinging Strike 0-1: Ball 1-1: Ball 2-1: Foul Ball, location: 2F 2-2: Foul Ball, location: 2F 2-2: Ground out 6-3 (Groundball, 6, EV 90.0 MPH)
|
Batting: RHB Joseph Kirchmann
|
0-0: Ground out 4-3 (Groundball, 4, EV 84.4 MPH)
|
Bottom of the 7th over - 0 runs, 0 hits, 0 errors, 0 left on base; St. Louis 1 - Cincinnati 2 |
TOP OF THE 8TH |
St. Louis Cardinals batting - Pitching for Cincinnati Reds : LHP Dave Rivera
|
Pitching: RHP Justin Ambrose
|
|
Batting: RHB Danny Gallo
|
0-0: Called Strike 0-1: Foul Ball, location: 2F 0-2: Ball 1-2: Strikes out looking
|
Batting: LHB Ichiro Toyota
|
0-0: Called Strike 0-1: Called Strike 0-2: Ball 1-2: Foul Ball, location: 2F 1-2: Ball 2-2: Ball 3-2: Base on Balls
|
Batting: RHB Melvin Enriquez
|
0-0: Ball 1-0: Ball 2-0: Called Strike 2-1: Ball 3-1: Base on Balls Ichiro Toyota to second
|
Batting: SHB Harry Hoop
|
0-0: Ball 1-0: Foul Ball, location: 2F 1-1: Ball 2-1: Ball 3-1: Fly out, F7 (Flyball, 7LM, EV 98.8 MPH) Runner from 2nd tags up, OUT at 3rd! 7-5
|
Top of the 8th over - 0 runs, 0 hits, 0 errors, 1 left on base; St. Louis 1 - Cincinnati 2 |
BOTTOM OF THE 8TH |
Cincinnati Reds batting - Pitching for St. Louis Cardinals : RHP Doug Seliger
|
Batting: SHB Dave Barefoot
|
0-0: Ball 1-0: Ball 2-0: Fly out, F9 (Line Drive, 9, EV 90.6 MPH)
|
Batting: SHB Jun Tsuda
|
0-0: Ball 1-0: Ball 2-0: Ball 3-0: Base on Balls
|
Batting: LHB Chris Grunwald
|
0-0: Ball 1-0: Ball 2-0: Ball 3-0: Called Strike 3-1: Foul Ball, location: 2F 3-2: Foul Ball, location: 2F 3-2: SINGLE (Groundball, 56D, EV 100.6 MPH) Jun Tsuda to second Jun Tsuda to third
|
Batting: RHB Fred Slade
|
0-0: Called Strike Chris Grunwald is caught stealing 2nd base 2-4 0-1: Swinging Strike 0-2: 2-RUN HOME RUN (Flyball, 9LD, EV 93.8 MPH), Distance : 365 ft
|
Batting: RHB Steve Castleberry
|
0-0: Called Strike 0-1: Ball 1-1: Ground out 5-3 (Groundball, 56S, EV 88.1 MPH)
|
Bottom of the 8th over - 2 runs, 2 hits, 0 errors, 0 left on base; St. Louis 1 - Cincinnati 4 |
TOP OF THE 9TH |
St. Louis Cardinals batting - Pitching for Cincinnati Reds : RHP Justin Ambrose
|
Pitching: RHP Junpei Yamazaki
|
|
Batting: SHB Antoine Roux
|
0-0: Ball 1-0: Foul Ball, location: 2F 1-1: Foul Ball, location: 2F 1-2: Foul Ball, location: 2F 1-2: Ball 2-2: Strikes out swinging
|
Batting: RHB Mike Bates
|
0-0: Ball 1-0: Called Strike 1-1: Called Strike 1-2: Strikes out swinging
|
Batting: LHB Armando Carbajal
|
0-0: Called Strike 0-1: Swinging Strike 0-2: Strikes out swinging
|
Top of the 9th over - 0 runs, 0 hits, 0 errors, 0 left on base; St. Louis 1 - Cincinnati 4 |
|